 Dungeon Crawl Stone Soup version 0.23-a0-163-g800ba1ec23 (console) character file.

128 facsimile the Conjurer (level 5, -4/41 HPs)
             Began as a Formicid Wizard on Sept 9, 2018.
             Killed from afar by an orc wizard (9 damage)
             ... with a magic dart
             ... on level 4 of the Dungeon.
             The game lasted 00:30:48 (3545 turns).

facsimile the Conjurer (Formicid Wizard)            Turns: 3545, Time: 00:30:49

Health: -4/41      AC:  3    Str: 12    XL:     5   Next: 34%
Magic:  2/9        EV: 12    Int: 18    God:
Gold:   72         SH:  0    Dex:  9    Spells: 4/10 levels left

rFire    . . .     SeeInvis +   b - +0 mace (protect)
rCold    . . .     Gourm    .   (no shield)
rNeg     . . .     Faith    .   e - +0 robe
rPois    .         Spirit   .   (helmet unavailable)
rElec    .         Reflect  .   o - +0 cloak
rCorr    .         Harm     .   (no gloves)
MR       .....                  (no boots)
Stlth    ++........             (no amulet)
HPRegen  0.13/turn              (no ring)
MPRegen  0.11/turn              (no ring)

@: no status effects
A: permanent stasis, dig shafts and tunnels, four strong arms, antennae 3
a: Dig, Shaft Self


You were on level 4 of the Dungeon.
You were not hungry.

You visited 1 branch of the dungeon, and saw 4 of its levels.

You collected 72 gold pieces.

Inventory:

Hand Weapons
 a - a +0 spear
 b - a +0 mace of protection (weapon)
 d - a +2 dagger of draining
Missiles
 c - 34 bolts
 f - 124 stones (quivered)
Armour
 e - a +0 robe (worn)
 h - a +0 ring mail
 k - a +0 leather armour
 o - a +0 cloak (worn)
 s - a +0 large shield
Jewellery
 n - an uncursed ring of positive energy {unknown}
Scrolls
 i - a scroll of remove curse
 q - 2 scrolls of amnesia
 r - a scroll of random uselessness {unknown}
Potions
 g - a potion of heal wounds {unknown}
 j - a potion of curing
 p - a potion of might {unknown}
Comestibles
 y - 6 rations


   Skills:
 + Level 3.0 Fighting
 - Level 1.7 Dodging
 - Level 2.4 Stealth
 - Level 3.2 Spellcasting
 + Level 3.3 Conjurations
 - Level 1.0 Summonings
   Level 0.8 Translocations


You had 4 spell levels left.
You knew the following spells:

 Your Spells              Type           Power        Failure   Level  Hunger
a - Magic Dart            Conj           ###.         4%          1    None
f - Conjure Flame         Conj/Fire      #.......     24%         3    ###....
i - Call Imp              Summ           #.......     16%         2    ##.....

Your spell library contained the following spells:

 Spells                   Type           Power        Failure   Level  Hunger
 Slow                     Hex            #.......     24%         2    ##.....
 Mephitic Cloud           Conj/Pois/Air  #.......     30%         3    ###....
 Blink                    Tloc           Unusable     N/A         2    N/A

Dungeon Overview and Level Annotations

Branches:
Dungeon (4/15)
 Temple: D:4-7

Altars:
Elyvilon
Wu Jian
The Shining One

Annotations:
D:4 exclusion: scorpion


Innate Abilities, Weirdness & Mutations

You cannot be hasted, slowed, berserked, paralysed or teleported.
You can dig through walls and to a lower floor.
Your four strong arms can wield two-handed weapons with a shield.
You have a pair of large antennae on your head. (SInv)


Message History

Press: ? - help, v - describe, . - travel
Here: an orc wizard, wielding a dagger and wearing a robe (heavily wounded, The floor.
Unknown command.
Wield which item (- for none, * to show all)? (? for menu, Esc to quit)
Your +0 mace of protection hums with potential!
b - a +0 mace of protection (weapon)
The orc wizard hits you but does no damage.
You barely miss the orc wizard.
The orc wizard is heavily wounded.
The orc wizard hits you with a dagger.
* * * LOW HITPOINT WARNING * * *
The orc wizard hits you with a dagger.
* * * LOW HITPOINT WARNING * * *
Your magical contamination has completely faded away.
You barely miss the orc wizard.
The orc wizard is moderately wounded.
The orc wizard gestures at you while chanting.
The magic dart hits you!
You die...

#### ..# ## #.##### #
##...#?##..#### ...
.?.._.......@oo######.....
#.#...###...##o..)..).#.#.
##.# #...#########.....
.a. #...# .#.
###.####...#####.# .
#...)..........#
#.##.....####### {
....##.## ###.#.#.#
#..###.# #.## #.# ##..##
## ######....#.#
#...........#
#.####......# #.# #.....<#
#.# #......# #.# ###.#..#
#.#####.....### ##
###........?<...##..
###.......#...##..##.#
#......(..##.###..##.#
#.#.#.#.#.##. #..##.#
#..........#. #..##.#
#.#.#.#.#.%#. #..##.#
#............# #.....##
#.#.#.#.#.##. ##.##..#
#........... #.##..#
#.#.#.#.#.s ..##..#
#......... ##.##..#
##.###.#.# #.##..# #.# #.#
#.##..#


You could see an orc wizard (invisible) and 2 orcs.

Vanquished Creatures
  Robin (D:2)
  A worm (D:3)
  A leopard gecko (D:3)
  3 giant cockroaches
  15 goblins
  6 hobgoblins
  A quokka (D:3)
  2 ball pythons
  8 bats
  3 frilled lizards
  5 kobolds
  3 rats
49 creatures vanquished.

Vanquished Creatures (collateral kills)
  A hound (D:4)
  An orc wizard (D:4)
  Jessica (D:3)
  A worker ant (D:4)
  A worm (D:2)
  An orc (D:4)
  A goblin (D:2)
7 creatures vanquished.

Grand Total: 56 creatures vanquished

Notes
Turn   | Place    | Note
-------+----------+-------------------------------------------
     0 | D:1      | facsimile the Formicid Wizard began the quest for the Orb.
     0 | D:1      | Reached XP level 1. HP: 13/13 MP: 4/4
   172 | D:1      | Reached skill level 1 in Conjurations
   528 | D:1      | Reached XP level 2. HP: 19/19 MP: 4/6
   532 | D:1      | Learned a level 2 spell: Call Imp
  1496 | D:2      | Reached XP level 3. HP: 25/25 MP: 1/7
  1498 | D:2      | Reached skill level 1 in Fighting
  1728 | D:2      | Found a glowing golden altar of the Shining One.
  1801 | D:2      | Noticed Robin
  1819 | D:2      | Killed Robin
  1909 | D:2      | Learned a level 3 spell: Conjure Flame
  2174 | D:2      | Found a white marble altar of Elyvilon.
  2344 | D:2      | Reached XP level 4. HP: 32/33 MP: 4/8
  3038 | D:3      | Noticed Jessica
  3053 | D:3      | Killed Jessica
  3452 | D:4      | Reached XP level 5. HP: 30/39 MP: 6/9
  3475 | D:4      | Found an ornate altar of the Wu Jian Council.
  3545 | D:4      | Killed from afar by an orc wizard

Vault maps used:
D:1:      shiori_shiawase
D:2:      elyvilon_altar_5, lemuel_doored_altar, first_ration, uniq_robin
D:3:      skrybe_limestone_x, uniq_jessica
D:4:      kennysheep_mini_moat, lemuel_crystal_altar,
          nicolae_overflow_crystal_walls, serial_glass, glass_columns_c,
          glass_columns_a, glass_columns_a, glass_columns_c,
          gup_sewer_entry_bubbles, serial_shops, nicolae_shop_behind_doors

Skill      XL: |  1  2  3  4  5 |
---------------+----------------+-----
Conjurations   | 1 2 3 |  3.3
Fighting       | 1 2 3 |  3.0
Dodging        | |  1.7
Stealth        | |  2.4
Spellcasting   | |  3.2
Summonings     | |  1.0
Translocations | |  0.8

Action                   |  1- 3 |  4- 6 || total
-------------------------+-------+-------++-------
Melee: Spear             |    18 |    36 ||    54
       Dagger            |     1 |     6 ||     7
       Mace              |       |     2 ||     2
 Cast: Magic Dart        |    64 |    33 ||    97
       Call Imp          |     2 |     8 ||    10
  Use: Scroll            |       |     3 ||     3
       Potion            |       |     1 ||     1
 Stab: Distracted        |     1 |       ||     1
  Eat: Chunk             |     4 |     4 ||     8
Armor: Robe              |     5 |    11 ||    16
Dodge: Dodged            |    22 |    18 ||    40

Table legend:
 A = Non-vault XP
 B = Vault XP
 C = Vault XP percentage of total XP
 D = Non-vault monster count
 E = Vault monster count
 F = Vault count percentage of total count
                 A         B        C        D         E       F
            +---------+---------+-------+---------+---------+-------
      Total |     129 |      55 |  29.9 |      43 |      13 |  23.2
            +---------+---------+-------+---------+---------+-------
        D:1 |      21 |       0 |   0.0 |      16 |       0 |   0.0
        D:2 |      21 |      28 |  57.1 |      12 |      12 |  50.0
        D:3 |      22 |      27 |  55.1 |      11 |       1 |   8.3
        D:4 |      65 |       0 |   0.0 |       4 |       0 |   0.0
            +---------+---------+-------+---------+---------+-------
